 Dungeon Crawl Stone Soup version 0.23.2-1-ga50397a6bc (webtiles) character file.

Game seed: 6686531477902063251

72 Dancia the Shield-Bearer (level 4, -14/44 HPs)
             Began as a Troll Fighter on Apr 22, 2019.
             Demolished by an ogre
             ... wielding a cursed +0 giant spiked club
              (28 damage)
             ... on level 5 of the Dungeon.
             The game lasted 00:18:38 (1602 turns).

Dancia the Shield-Bearer (Troll Fighter)            Turns: 1602, Time: 00:18:38

Health: -14/44     AC:  7    Str: 25    XL:     4   Next: 6%
Magic:  3/3        EV:  8    Int:  4    God:
Gold:   201        SH:  9    Dex:  9    Spells: 3/3 levels left

rFire    . . .     SeeInvis .   r - +0 spear
rCold    . . .     Gourm    +   b - +0 shield
rNeg     . . .     Faith    .   a - +0 robe
rPois    .         Spirit   .   (helmet restricted)
rElec    .         Reflect  .   j - +0 cloak
rCorr    .         Harm     .   (gloves unavailable)
MR       .....                  (boots unavailable)
Stlth    +.........             (no amulet)
HPRegen  0.54/turn              (no ring)
MPRegen  0.08/turn              (no ring)

@: about to teleport
A: large, unfitting armour, claws 3, fast metabolism 3, gourmand, regeneration
1, shaggy fur 1, tough skin 3
a: no special abilities


You were on level 5 of the Dungeon.
You were not hungry.

You visited 1 branch of the dungeon, and saw 4 of its levels.

You collected 201 gold pieces.

Inventory:

Hand Weapons
 f - a +0 dagger
 p - a +0 dagger
 r - a +0 spear (weapon)
Missiles
 g - 4 stones (quivered)
 h - 26 bolts
 k - 40 arrows
Armour
 a - a +0 robe (worn)
 b - a +0 shield (worn)
 j - a +0 cloak (worn)
 t - a +0 robe
 u - a +0 chain mail
Scrolls
 l - a scroll of teleportation
 m - 2 scrolls of noise
 o - 2 scrolls of amnesia {unknown}
 s - a scroll of remove curse
Potions
 c - a potion of might
 e - a potion of mutation {unknown}
 i - a potion of heal wounds {unknown}
 n - a potion of ambrosia {unknown}
 q - a potion of flight {unknown}
Comestibles
 d - a ration


   Skills:
 + Level 2.6 Fighting
 + Level 0.4 Polearms
 + Level 3.0 Dodging
 + Level 3.0 Shields
 + Level 2.5 Unarmed Combat


You had 3 spell levels left.
You didn't know any spells.
Your spell library was empty.

Dungeon Overview and Level Annotations

Branches:
Dungeon (5/15)
 Temple: D:4-7

Altars:
Zin


Innate Abilities, Weirdness & Mutations

You are too large for most types of armour.
You have claws for hands.
Your metabolism is lightning-fast.
You like to eat raw meat.
Your natural rate of healing is unusually fast.
You are covered in fur. (AC +1)
You have extremely tough skin. (AC +3)


Message History

The ogre closely misses you. The worker ant barely misses you.
You block the worker ant's attack. You block the worker ant's attack.
You hit the worker ant.
The worker ant is moderately wounded.
The worker ant closely misses you.
The ogre hits you with a cursed +0 giant spiked club.
* * * LOW HITPOINT WARNING * * *
You closely miss the worker ant.
The worker ant is moderately wounded.
The worker ant bites you but does no damage.
You block the worker ant's attack.
As you read the scroll of teleportation, it crumbles to dust.
You feel strangely unstable. The ogre barely misses you.
The worker ant barely misses you.
You barely miss the worker ant.
The worker ant is moderately wounded.
The ogre hits you with a cursed +0 giant spiked club!!
Ouch! That really hurt!
You die...

##############################
####.....##.....#O...............
................@a.........^.....
.........##.....#.#......#.......
###......##.....#.#.##.#.#.....[.
.##......##.....#.#.##.#.#..#....
..#.#######.....#.#.##.#.#... .!.
###.# #.....#.#...../....# ## #.#
#.....#.#####..###.. #.#
#.....#.. ... .## #.# ####### ..


You could see an ogre and a worker ant.

Vanquished Creatures
  2 adders (D:2)
  An ooze (D:2)
  2 leopard geckos
  3 giant cockroaches
  4 goblins
  5 hobgoblins
  10 jackals
  2 kobolds (D:1)
  3 quokkas
  2 ball pythons (D:2)
  3 bats
  2 frilled lizards (D:2)
  5 rats
  16 plants (D:1)
  3 toadstools (D:2)
63 creatures vanquished.

Vanquished Creatures (others)
  A toadstool (D:2)
1 creature vanquished.

Grand Total: 64 creatures vanquished

Notes
Turn   | Place    | Note
-------+----------+-------------------------------------------
     0 | D:1      | Dancia the Troll Fighter began the quest for the Orb.
     0 | D:1      | Reached XP level 1. HP: 22/22 MP: 0/0
   157 | D:1      | Reached XP level 2. HP: 29/29 MP: 1/1
   984 | D:2      | Reached XP level 3. HP: 36/36 MP: 2/2
  1203 | D:2      | Paralysed by fainting for 5 turns
  1225 | D:2      | Paralysed by fainting for 6 turns
  1272 | D:2      | Found a glowing silver altar of Zin.
  1448 | D:3      | Reached XP level 4. HP: 42/44 MP: 3/3
  1515 | D:3      | You fall through a shaft for 2 floors!
  1515 | D:5      | Entered Level 5 of the Dungeon
  1580 | D:5      | Noticed an ogre
  1602 | D:5      | Demolished by an ogre

Skill      XL: |  1  2  3 |
---------------+----------+-----
Shields        | 3 |  3.0
Dodging        | 3 |  3.0
Fighting       | |  2.6
Polearms       | |  0.4
Unarmed Combat | |  2.5

Action                   |  1- 3 |  4- 6 || total
-------------------------+-------+-------++-------
Melee: Unarmed           |   374 |       ||   374
       Spear             |   103 |    25 ||   128
  Use: Scroll            |     2 |     2 ||     4
  Eat: Ration            |     3 |     1 ||     4
Armor: Robe              |   121 |    10 ||   131
Dodge: Dodged            |    79 |    11 ||    90
Block: Shield            |   134 |    17 ||   151
